 Dungeon Crawl Stone Soup version 0.31-a0-564-g3b7de120b3 (webtiles) character file.

Game seed: 17285011216628898482

16391 wazuzu the Bludgeoner (level 12, -15/86 HPs)
             Began as a Demonspawn Monk on Aug 17, 2023.
             Was a Priest of Qazlal.
             Demolished by a cane toad (20 damage)
             ... on level 1 of the Lair of Beasts.
             The game lasted 00:27:56 (10778 turns).

wazuzu the Bludgeoner (Demonspawn Monk)            Turns: 10778, Time: 00:27:57

Health: -15/86     AC:  4    Str: 16    XL:     12   Next: 9%
Magic:  18/18      EV: 12    Int: 12    God:    Qazlal [***...]
Gold:   534        SH:  8    Dex: 18    Spells: 11/11 levels left

rFire   + . .        W - +3 morningstar
rCold   . . .        c - orb {light}
rNeg    . . .        L - +0 troll leather armour
rPois   .            (no helmet)
rElec   .            (no cloak)
rCorr   .            T - +0 pair of gloves
SInv    .            (no boots)
Will    .....        u - amulet of regeneration
Stlth   +            Q - ring of protection from fire
HPRegen 1.94/turn    (no ring)
MPRegen 0.16/turn

%: no passive effects
@: lethally poisoned (-15 -> -18), glowing
A: hooves 2, thin skeletal structure 1, powered by death 2, condensation shield
a: Renounce Religion, Upheaval, Elemental Force


You were on level 1 of the Lair of Beasts.
You worshipped Qazlal.
Qazlal was most pleased with you.
You visited 2 branches of the dungeon, and saw 12 of its levels.
You also visited: Sewer and Ossuary.

You collected 560 gold pieces.
You spent 26 gold pieces at shops.


Innate Abilities, Weirdness & Mutations

You have hoof-like feet.
You have a somewhat thin skeletal structure. (Dex +2, Stealth+)
You regenerate health from kills.
A meltable shield of frost defends you. (SH +4)


   Skills:
 * Level 5.3 Fighting
 - Level 16.0 Maces & Flails
 - Level 4.0 Armour
 - Level 2.6 Dodging
 - Level 2.6 Unarmed Combat
 + Level 8.3 Invocations


You had 11 spell levels left.
You didn't know any spells.
Your spell library contained the following spells:

 Spells                   Type           Power      Damage    Failure   Level
 Apportation              Tloc           0%         N/A       36%         1
 Necrotise                Necr           0%         1d4       36%         1
 Sandblast                Erth           0%         2d4       36%         1
 Sting                    Tmut/Pois      0%         1d3       36%         1
 Cigotuvi's Dreadful Rot  Necr/Pois/Air  0%         N/A       52%         2
 Passwall                 Tmut/Erth      0%         N/A       52%         2
 Poisonous Vapours        Pois/Air       0%         N/A       52%         2
 Ignite Poison            Fire/Tmut/Pois 0%         N/A       75%         3
 Mephitic Cloud           Conj/Pois/Air  0%         N/A       75%         3
 Stone Arrow              Conj/Erth      0%         3d7       75%         3
 Tukima's Dance           Hex            0%         N/A       75%         3
 Vampiric Draining        Necr           0%         2d6       75%         3
 Animate Dead             Necr           0%         N/A       98%         4
 Olgreb's Toxic Radiance  Pois           0%         N/A       98%         4
 Passage of Golubria      Tloc           0%         N/A       98%         4
 Agony                    Necr           0%         N/A       100%        5
 Alistair's Intoxication  Tmut/Pois      0%         N/A       100%        5
 Borgnjor's Vile Clutch   Necr/Erth      0%         N/A       100%        5
 Freezing Cloud           Conj/Ice/Air   0%         6-21      100%        5
 Yara's Violent Unravell  Hex/Tmut       0%         3d3       100%        5
 Conjure Ball Lightning   Conj/Air       0%         3x3d6     100%        6
 Death Channel            Necr           0%         N/A       100%        6
 Discord                  Hex            0%         N/A       100%        8
 Disjunction              Tloc           0%         N/A       100%        8


Dungeon Overview and Level Annotations

Branches:
Dungeon (11/15)            Temple (0/1) D:6            Lair (1/5) D:11
    Orc (0/2) D:9           Sewer (visited)         Ossuary (visited)

Altars:
Ashenzari
Dithmenos
Gozag
Kikubaaqudgha
Nemelex Xobeh
Qazlal
Trog
Wu Jian

Shops:
D:7 :   D:10 *

Annotations:
D:2 1 runed translucent door, Crazy Yiuf
D:11 2 transporters, zero's ghost, journeyman DEEE
Lair:1 Fannar

Inventory:

Hand Weapons
 W - a +3 morningstar (weapon)
Missiles
 d - 94 stones
 P - 2 throwing nets
Armour
 c - an orb of light (worn)
 L - a +0 troll leather armour (worn)
 T - a +0 pair of gloves (worn)
Jewellery
 u - an amulet of regeneration (around neck)
 v - a ring of ice
 A - a ring of flight
 Q - a ring of protection from fire (left hand)
 R - a ring of wizardry
Wands
 w - a wand of flame (77)
 y - a wand of charming (12)
 M - a wand of mindburst (11)
 O - a wand of polymorph (14)
 V - a wand of acid (1)
 Y - a wand of digging (2)
Scrolls
 g - 3 scrolls of amnesia
 x - 3 scrolls of blinking
 B - 3 scrolls of enchant weapon
 C - 4 scrolls of teleportation
 I - 2 scrolls of torment
 J - a scroll of identify
 K - a scroll of vulnerability
 N - 3 scrolls of poison
 U - 4 scrolls of butterflies
 X - a scroll of brand weapon {unknown}
 Z - a scroll of silence
Potions
 b - 3 potions of ambrosia
 k - 7 potions of curing
 l - 2 potions of attraction
 n - 7 potions of enlightenment
 q - 4 potions of haste
 s - 2 potions of magic {unknown}
 D - 2 potions of invisibility {unknown}
 E - a potion of might {unknown}
 F - 5 potions of mutation
 G - 3 potions of berserk rage
 S - 4 potions of brilliance

##....†...## #...
#........## #....
#.........# .....
#.......#.###.....
###.......e..#....
##..............
##............#
#P...YF.....## #P...#@....##
###.........#### ###.###
##P...........#P###...#..
#........................
####.......................
#.##.......##..............
##.........####.............
##.........## #...#.........
##..>.......# ##............


You could see Fannar, a cane toad and an ice beast (summoned).


Message History

The bullfrog is engulfed in blazing flames.
You kill the bullfrog!
Qazlal accepts your kill. The cane toad stings you!!
* * * LOW HITPOINT WARNING * * *
You sock the wyvern!
The wyvern is severely wounded.
The wyvern barely misses you. The cane toad closely misses you.
You hit the wyvern. You kick the wyvern.
The wyvern is severely wounded.
You block the wyvern's attack. The cane toad closely misses you.
Fannar gestures wildly while chanting.
Fannar blinks!
You puncture the wyvern!
You kill the wyvern!
Qazlal accepts your kill.
The komodo dragon is engulfed in blazing flames.
The komodo dragon bites you!
* * * LOW HITPOINT WARNING * * *
You hit the komodo dragon but do no damage.
The komodo dragon is moderately wounded.
You block the cane toad's attack.
The komodo dragon is engulfed in blazing flames.
The komodo dragon misses you.
You sock the komodo dragon!
The komodo dragon is severely wounded.
The cane toad barely misses you.
You sock the komodo dragon!
You kill the komodo dragon!
Qazlal accepts your kill. The cane toad completely misses you.
The cane toad stings you.
* * * LOW HITPOINT WARNING * * *
The cane toad attacks as you move away! You block the cane toad's attack.
The cane toad stings you!!
* * * LOW HITPOINT WARNING * * *
You are poisoned.
The cane toad poisons you! The cane toad attacks as you move away!
The cane toad stings you but does no damage.
You feel very sick. The cane toad attacks as you move away!
The cane toad stings you but does no damage.
You feel very sick.
You feel sick. The cane toad attacks as you move away!
The cane toad stings you!
* * * LOW HITPOINT WARNING * * *
You feel sick.
You feel much better.
You feel sick.
The cane toad stings you but does no damage.
The cane toad stings you!
* * * LOW HITPOINT WARNING * * *
You are more poisoned.
The cane toad poisons you!
You barely miss the cane toad. You kick the cane toad.
The cane toad is lightly wounded.
* * * LOW HITPOINT WARNING * * *
You feel very sick.
You hit the cane toad but do no damage.
The cane toad is lightly wounded.
* * * LOW HITPOINT WARNING * * *
You feel very sick. You block the cane toad's attack.
The ice beast hits you but does no damage.
You hit the cane toad but do no damage. You kick the cane toad.
The cane toad is lightly wounded.
* * * LOW HITPOINT WARNING * * *
You feel very sick. The cane toad stings you!!
You die...

Action                     |  1- 3 |  4- 6 |  7- 9 | 10-12 || total
---------------------------+-------+-------+-------+-------++-------
  Melee: Unarmed           |    58 |       |     2 |       ||    60
         Mace              |    57 |    92 |    39 |       ||   188
         Kick              |    28 |    39 |    65 |   135 ||   267
         Flail             |       |       |   186 |    32 ||   218
         Morningstar       |       |       |       |   279 ||   279
 Invoke: Upheaval          |       |     4 |     8 |    25 ||    37
  Evoke: Wand              |       |       |     2 |     1 ||     3
    Use: Scroll            |     6 |       |    13 |     5 ||    24
         Potion            |       |       |       |     3 ||     3
 Armour: Robe              |    10 |       |       |       ||    10
         Chain mail        |    15 |    47 |    95 |    53 ||   210
         Skin              |       |       |     1 |       ||     1
         Troll leather arm |       |       |       |    10 ||    10
  Dodge: Dodged            |    70 |    23 |    77 |    94 ||   264
         Repelled          |       |       |       |     1 ||     1
  Block: Orb               |    22 |    32 |   100 |   120 ||   274

Levels and vault maps discovered:
D:1:      nicolae_arrival_somewhat_less_tricky_arrival, layout_basic,
          shapermc_ecumenical_altar_venn, dreamdust_princess_corridor
D:2:      kennysheep_big_flooded_room, layout_loops_corners,
          uniq_crazy_yiuf_cottage
D:3:      layout_basic, mainiacjoe_overflow_concentric_impassable,
          marbit_many_paths, portal_sewer_entry_e, bh_walls_and_bars,
          uniq_jessica
D:4:      layout_cave_pods, elyvilon_altar_4, minmay_circle_x, uniq_menkaure,
          uniq_edmund, uniq_ijyb
D:5:      cheibrodos_helix_gallery, layout_basic, nemelex_diamond_rough_becter,
          grunt_gozag_statues, nicolae_ossuary_entry_ruins
D:6:      layout_gridville, mainiacjoe_overflow_catwalk,
          mainiacjoe_overflow_tiny_flanked, minmay_temple_entry_offerings,
          serial_glass, glass_columns_b, glass_columns_a, glass_columns_a,
          glass_columns_a, glass_columns_b, glass_columns_a, glass_columns_b,
          glass_columns_a, minmay_misc_feat_square, uniq_pikel, uniq_sigmund
D:7:      layout_basic, mainiacjoe_overflow_alcove_4, zin_angel, serial_shops,
          shop, uniq_duvessa
D:8:      layout_basic
D:9:      minmay_cornered_nines, layout_stronghold,
          lemuel_coloured_pillars_altar, david_orc_3
D:10:     layout_big_octagon, nicolae_qazlal_eye_of_the_storm, serial_shops,
          nicolae_shop_tiny_glass, grunt_livestock
D:11:     layout_roguey, erik_lair_island, nzn_ghost_randoct, minmay_microvault
Lair:1:   layout_hall_layers, uniq_fannar

Notes
Turn   | Place    | Note
-------+----------+-------------------------------------------
     0 | D:1      | wazuzu the Demonspawn Monk began the quest for the Orb.
     0 | D:1      | Reached XP level 1. HP: 18/18 MP: 1/1
   347 | D:1      | Gained mutation: You have large cloven feet. [demonic
                  | ancestry]
   347 | D:1      | Reached XP level 2. HP: 20/24 MP: 2/2
   558 | D:1      | Found a faded altar of an unknown god.
   570 | D:1      | Prayed at the altar of an unknown god.
   570 | D:1      | Became a worshipper of Qazlal Stormbringer
   570 | D:1      | Reached * piety under Qazlal
   570 | D:1      | Reached ** piety under Qazlal
  1185 | D:2      | Reached skill level 1 in Invocations
  1246 | D:2      | Reached skill level 1 in Maces & Flails
  1246 | D:2      | Gained mutation: You have hoof-like feet. [demonic
                  | ancestry]
  1246 | D:2      | Reached XP level 3. HP: 30/30 MP: 3/3
  1305 | D:2      | Reached *** piety under Qazlal
  1849 | D:2      | Found a runed translucent door.
  1850 | D:2      | Noticed Crazy Yiuf
  2109 | D:3      | Reached XP level 4. HP: 15/37 MP: 5/5
  2125 | D:3      | Found a glowing drain.
  2131 | D:3      | Reached skill level 2 in Invocations
  2140 | Sewer    | Entered a sewer
  2237 | Sewer    | Reached skill level 2 in Maces & Flails
  2262 | Sewer    | Reached skill level 1 in Armour
  2328 | Sewer    | Gained mutation: You have a somewhat thin skeletal
                  | structure. (Dex +2, Stealth+) [demonic ancestry]
  2328 | Sewer    | Reached XP level 5. HP: 26/42 MP: 2/7
  2333 | Sewer    | Reached skill level 3 in Invocations
  2369 | Sewer    | Reached skill level 3 in Maces & Flails
  2435 | Sewer    | Found a viscous altar of Jiyva.
  2880 | D:3      | Found an ancient bone altar of Kikubaaqudgha.
  2914 | D:3      | Reached **** piety under Qazlal
  2926 | D:3      | Noticed Jessica
  2934 | D:3      | Killed Jessica
  2935 | D:3      | Reached skill level 2 in Armour
  2935 | D:3      | Gained mutation: A meltable shield of frost defends you.
                  | (SH +4) [demonic ancestry]
  2935 | D:3      | Reached XP level 6. HP: 43/48 MP: 8/8
  2993 | D:3      | Found a broken altar of Ashenzari.
  3259 | D:4      | Reached skill level 4 in Invocations
  3276 | D:4      | Reached skill level 4 in Maces & Flails
  3283 | D:4      | Reached XP level 7. HP: 16/53 MP: 5/10
  3582 | D:4      | Noticed Menkaure
  3585 | D:4      | Killed Menkaure
  3647 | D:4      | Noticed Ijyb
  3658 | D:4      | Killed Ijyb
  3659 | D:4      | Reached skill level 3 in Armour
  3684 | D:4      | Reached skill level 5 in Invocations
  3806 | D:4      | Reached skill level 5 in Maces & Flails
  3881 | D:4      | Noticed Edmund
  3890 | D:4      | Killed Edmund
  4182 | D:5      | Entered Level 5 of the Dungeon
  4322 | D:5      | Gained mutation: You regenerate a little health from kills.
                  | [demonic ancestry]
  4322 | D:5      | Reached XP level 8. HP: 60/60 MP: 12/12
  4328 | D:5      | Found a sand-covered staircase.
  4335 | Ossuary  | Entered an ossuary
  4620 | Ossuary  | Reached ***** piety under Qazlal
  4666 | D:5      | Reached skill level 6 in Invocations
  4787 | D:5      | Found a sparkling altar of Nemelex Xobeh.
  4823 | D:5      | Reached skill level 6 in Maces & Flails
  5163 | D:5      | Reached skill level 4 in Armour
  5252 | D:5      | Found an opulent altar of Gozag.
  5530 | D:6      | Reached skill level 7 in Maces & Flails
  5655 | D:6      | Found a staircase to the Ecumenical Temple.
  5886 | D:6      | Noticed Pikel
  5908 | D:6      | Killed Pikel
  5909 | D:6      | Reached skill level 8 in Maces & Flails
  5909 | D:6      | Reached XP level 9. HP: 55/65 MP: 10/13
  5911 | D:6      | Reached skill level 9 in Maces & Flails
  5944 | D:6      | Found an ornate altar of the Wu Jian Council.
  6068 | D:6      | Found a shadowy altar of Dithmenos.
  6071 | D:6      | Noticed Sigmund
  6084 | D:6      | Killed Sigmund
  6221 | D:7      | Noticed Duvessa
  6223 | D:7      | Noticed Dowan
  6224 | D:7      | Killed Duvessa
  6234 | D:7      | Killed Dowan
  6495 | D:7      | Reached skill level 10 in Maces & Flails
  6578 | D:7      | Found Liapael's Book Shop.
  6818 | D:7      | Noticed an angel
  7651 | D:9      | Identified the +2 robe of the Slightly Bent {rPois rC++
                  | Regen+}
  7660 | D:9      | Reached skill level 11 in Maces & Flails
  7660 | D:9      | Noticed a gargoyle
  7667 | D:9      | Killed a gargoyle
  7668 | D:9      | Gained mutation: You regenerate health from kills. [demonic
                  | ancestry]
  7668 | D:9      | Reached XP level 10. HP: 71/71 MP: 7/14
  7686 | D:9      | Reached skill level 12 in Maces & Flails
  7963 | D:9      | Found a staircase to the Orcish Mines.
  8012 | D:9      | Noticed a white ugly thing
  8018 | D:9      | Killed a white ugly thing
  8184 | D:9      | Reached skill level 13 in Maces & Flails
  8285 | D:9      | Noticed a seven-headed hydra
  8289 | D:9      | Killed a seven-headed hydra
  8367 | D:9      | Found a bloodstained altar of Trog.
  8817 | D:10     | Entered Level 10 of the Dungeon
  8849 | D:10     | Reached skill level 14 in Maces & Flails
  8849 | D:10     | Reached XP level 11. HP: 76/76 MP: 15/15
  9038 | D:10     | Found Zeykourgh's Assorted Antiques.
  9051 | D:10     | Bought a lumpy red potion for 26 gold pieces
  9086 | D:10     | Found a stormy altar of Qazlal.
  9336 | D:11     | Noticed a two-headed ogre
  9344 | D:11     | Noticed a two-headed ogre
  9345 | D:11     | Killed a two-headed ogre
  9352 | D:11     | Killed a two-headed ogre
  9479 | D:11     | Identified the +1 dagger of Thoughtfulness {flame, Contam
                  | Dex+6}
  9479 | D:11     | Noticed a boulder beetle
  9501 | D:11     | HP: 12/76 [komodo dragon (18)]
  9502 | D:11     | HP: 5/76 [komodo dragon (8)]
  9504 | D:11     | Reached skill level 15 in Maces & Flails
  9513 | D:11     | HP: 16/76 [boulder beetle (11)]
  9519 | D:11     | Killed a boulder beetle
  9587 | D:11     | Found a transporter.
  9596 | D:11     | Found a transporter.
  9612 | D:11     | Noticed zero's ghost (journeyman DEEE)
  9958 | D:11     | Found a staircase to the Lair.
 10155 | D:11     | Reached skill level 16 in Maces & Flails
 10157 | D:11     | HP: 14/76 [cyclops (8)]
 10234 | D:11     | Noticed a boulder beetle
 10288 | D:11     | HP: 18/76 [boulder beetle (19)]
 10290 | D:11     | HP: 2/76 [boulder beetle (19)]
 10292 | D:11     | Killed a boulder beetle
 10293 | D:11     | Reached skill level 7 in Invocations
 10389 | D:11     | Reached skill level 4 in Fighting
 10497 | Lair:1   | Entered Level 1 of the Lair of Beasts
 10540 | Lair:1   | Reached skill level 8 in Invocations
 10540 | Lair:1   | Reached XP level 12. HP: 84/84 MP: 16/18
 10736 | Lair:1   | Noticed Fannar
 10760 | Lair:1   | Reached skill level 5 in Fighting
 10770 | Lair:1   | HP: 21/86 [cane toad (20)]
 10774 | Lair:1   | HP: 3/86 [cane toad (16)]
 10778 | Lair:1   | Demolished by a cane toad

Vanquished Creatures
  A hydra (D:9)
  2 boulder beetles (D:11)
  2 two-headed ogres (D:11)
  Pikel (D:6)
  An ugly thing (D:9)
  A cyclops (D:11)
  A gargoyle (D:9)
  2 cane toads (Lair:1)
  2 komodo dragons
  2 trolls (D:11)
  3 blink frogs (Lair:1)
  Sigmund (D:6)
  A shadow (D:11)
  4 wyverns
  A wraith (D:11)
  3 hogs (D:10)
  A human (D:10)
  A human (shapeshifter) (D:9)
  20 yaks
  2 vampire mosquitoes (D:11)
  Menkaure (D:4)
  Edmund (D:4)
  2 steam dragons (D:9)
  An acid dragon (D:9)
  2 water moccasins
  Duvessa (D:7)
  2 orc warriors (D:9)
  An ogre (D:4)
  A lemure (D:6)
  5 centaurs
  2 phantoms
  2 bullfrogs (Lair:1)
  2 gnoll sergeants
  7 scorpions
  10 wights
  Dowan (D:7)
  14 killer bees
  A howler monkey (D:6)
  3 electric eels
  7 orc priests
  11 hounds
  3 jellies (Sewer)
  Ijyb (D:4)
  Jessica (D:3)
  An iguana (D:6)
  9 orc wizards
  4 mummies (Ossuary)
  8 gnolls
  3 river rats
  7 adders
  2 shadow imps (D:6)
  A white imp (D:7)
  An ufetubus (D:5)
  6 worms
  3 dart slugs (D:4)
  31 orcs
  17 endoplasms
  7 giant cockroaches
  3 gnoll zombies (Ossuary)
  3 hobgoblins
  9 jackals
  2 kobolds
  5 quokkas
  10 ball pythons
  5 bats
  6 frilled lizards
  6 gnoll skeletons (Ossuary)
  5 goblins
  4 goblin skeletons (Ossuary)
  4 goblin zombies (Ossuary)
  3 hobgoblin skeletons (Ossuary)
  7 hobgoblin zombies (Ossuary)
  4 kobold skeletons (Ossuary)
  3 kobold zombies (Ossuary)
  4 orc skeletons (Ossuary)
  6 orc zombies (Ossuary)
  11 rats
  4 rat skeletons (Ossuary)
  2 rat zombies (Ossuary)
340 creatures vanquished.

Vanquished Creatures (others)
  A hobgoblin (D:4)
  A quokka (D:4)
2 creatures vanquished.

Grand Total: 342 creatures vanquished
